 Dungeon Crawl Stone Soup version 0.26-a0-255-gd5f3108e62 (webtiles) character file.

Game seed: 8708460686458371136

59 Esekla the Grave Robber (level 4, -7/33 HPs)
             Began as a Formicid Necromancer on July 9, 2020.
             Mangled by a gnoll
             ... wielding a cursed +0 spear
              (11 damage)
             ... on level 3 of the Dungeon.
             The game lasted 00:13:57 (1884 turns).

Esekla the Grave Robber (Formicid Necromancer)      Turns: 1884, Time: 00:13:57

Health: -7/33      AC:  2    Str: 13    XL:     4   Next: 22%
Magic:  1/8        EV: 12    Int: 15    God:
Gold:   84         SH:  0    Dex: 11    Spells: 5/9 levels left

rFire    . . .     SeeInvis +   f - +0 falchion
rCold    . . .     Faith    .   (no shield)
rNeg     . . .     Spirit   .   a - +0 robe
rPois    .         Reflect  .   (helmet unavailable)
rElec    .         Harm     .   (no cloak)
rCorr    .                      (no gloves)
MR       .....                  (no boots)
Stlth    ++........             (no amulet)
HPRegen  0.11/turn              (no ring)
MPRegen  0.11/turn              (no ring)

@: no status effects
A: permanent stasis, dig shafts and tunnels, four strong arms, antennae 3
a: Dig, Shaft Self


You were on level 3 of the Dungeon.
You were not hungry.

You visited 1 branch of the dungeon, and saw 3 of its levels.

You collected 84 gold pieces.

Inventory:

Hand Weapons
 f - a +0 falchion (weapon)
 h - a +0 vorpal spear
 j - a +2 dagger of flaming
Armour
 a - a +0 robe (worn)
Scrolls
 b - 2 scrolls of teleportation {unknown}
 d - 2 scrolls of remove curse {unknown}
 e - a scroll of magic mapping {unknown}
 g - 2 scrolls of amnesia {unknown}
 i - a scroll of fear {unknown}
Comestibles
 c - 11 rations


   Skills:
 * Level 1.6 Fighting
 + Level 0.3 Long Blades
 + Level 1.8 Dodging
 + Level 2.5 Stealth
 * Level 3.2 Spellcasting
 + Level 4.3 Necromancy


You had 5 spell levels left.
You knew the following spells:

 Your Spells              Type           Power        Failure   Level
a - Pain                  Necr           ###.         3%          1
d - Vampiric Draining     Necr           ###.......   10%         3

Your spell library contained the following spells:

 Spells                   Type           Power        Failure   Level
 Animate Skeleton         Necr           ###...       3%          1
 Animate Dead             Necr           ###.......   32%         4
 Agony                    Necr           ###.....     67%         5


Dungeon Overview and Level Annotations

Branches:
Dungeon (3/15)

Altars:
Dithmenos
Hepliaklqana
Uskayaw
Wu Jian


Innate Abilities, Weirdness & Mutations

You cannot be hasted, slowed, berserked, paralysed or teleported.
You can dig through walls and to a lower floor.
Your four strong arms can wield two-handed weapons with a shield.
You have a pair of large antennae on your head. (SInv)


Message History

Press: ? - help, Shift-Dir - straight line, f - gnoll
Aim: a gnoll, wielding a +0 mace (almost dead)
You kill the gnoll!
A goblin comes into view.
The goblin shouts!
You hear a shout! x3
The gnoll barely misses you.
Your magical contamination has completely faded away.
The gnoll barely misses you.
The gnoll shouts!
You hit the gnoll.
The gnoll is lightly wounded.
The gnoll hits you with a cursed +0 spear.
* * * LOW HITPOINT WARNING * * *
The gnoll barely misses you. The gnoll closely misses you.
You aren't carrying any potions.
You hit the gnoll.
The gnoll is heavily wounded.
The gnoll closely misses you.
The gnoll hits you with a cursed +0 spear!
You die...

#.###########.######.# {{
#...........#.#...#... {
{#.#####[###.#.#.#.#... {
#.#...#.#...#.#.#.#... {
#.###.#.#####.###.#...
{#(....#.....).....#...
#.###########.###########.#.
#.......ggg.#.# .##......#)
.#####.###@#.# .##..##.##.
#.#...#.#{ .#..)##....
#)#####.###.#......#..
#g...g....†.#..###...#
#.###########.(....... #.#
g.......... ..#
.g###........ .#.# ##
##....... ..#.# { .......


You could see 2 gnolls and a goblin.

Vanquished Creatures
  A gnoll (D:3)
  An adder (D:3)
  A worm (D:3)
  A dart slug (D:1)
  A leopard gecko (D:1)
  3 orcs (D:3)
  A giant cockroach (D:1)
  4 goblins
  5 hobgoblins
  A jackal (D:2)
  3 kobolds
  4 bats
  2 frilled lizards
  4 rats
32 creatures vanquished.

Notes
Turn   | Place    | Note
-------+----------+-------------------------------------------
     0 | D:1      | Esekla the Formicid Necromancer began the quest for the
                  | Orb.
     0 | D:1      | Reached XP level 1. HP: 13/13 MP: 3/3
   750 | D:1      | Reached skill level 1 in Fighting
   750 | D:1      | Reached XP level 2. HP: 19/21 MP: 1/5
  1422 | D:2      | Reached XP level 3. HP: 24/26 MP: 2/6
  1427 | D:2      | Learned a level 3 spell: Vampiric Draining
  1571 | D:3      | Found a hazy altar of Hepliaklqana.
  1572 | D:3      | Found a hide-covered altar of Uskayaw.
  1572 | D:3      | Found an ornate altar of the Wu Jian Council.
  1631 | D:3      | Found a shadowy altar of Dithmenos.
  1857 | D:3      | Reached XP level 4. HP: 20/32 MP: 1/8
  1884 | D:3      | Mangled by a gnoll

Illustrated notes

Levels and vault maps discovered:
D:1:      kilobyte_arrival_exit_the_forest, layout_basic,
          hangedman_feature_mirror, supply_closet_lemuel
D:2:      layout_loops_ring, nicolae_dithmenos_shadow_blocks
D:3:      mumra_celtic_spiral_tile, layout_rooms, grunt_temple_overflow_open,
          gup_sewer_entry_bubbles, uniq_robin

Skill      XL: |  1  2  3 |
---------------+----------+-----
Fighting       | 1 |  1.6
Spellcasting   | 3 |  3.2
Long Blades    | |  0.3
Dodging        | |  1.8
Stealth        | |  2.5
Necromancy     | |  4.3

Action                   |  1- 3 |  4- 6 || total
-------------------------+-------+-------++-------
Melee: Falchion          |    31 |     5 ||    36
       Spear             |     1 |       ||     1
 Cast: Pain              |    41 |       ||    41
       Vampiric Draining |     6 |     1 ||     7
  Eat: Ration            |     1 |       ||     1
Armor: Robe              |    11 |       ||    11
Dodge: Dodged            |    23 |     6 ||    29
       Rpst.: Falchion   |     9 |     1 ||    10

Table legend:
 A = Non-vault XP
 B = Vault XP
 C = Vault XP percentage of total XP
 D = Non-vault monster count
 E = Vault monster count
 F = Vault count percentage of total count
                 A         B        C        D         E       F
            +---------+---------+-------+---------+---------+-------
      Total |      81 |       4 |   4.7 |      30 |       2 |   6.2
            +---------+---------+-------+---------+---------+-------
        D:1 |      20 |       0 |   0.0 |      12 |       0 |   0.0
        D:2 |      14 |       0 |   0.0 |       8 |       0 |   0.0
        D:3 |      47 |       4 |   7.8 |      10 |       2 |  16.7
            +---------+---------+-------+---------+---------+-------
